AoeStats
← Heroc

Arena

505665328Analyzed
4v4 RM · 22d ago on Sep 10, 2026· 37m 33s· 8 players
Game mode
Random Map
Map size
Large (8 player)
Population
200
Speed
Normal
Resources
Standard
Victory
Conquest
Starting age
Dark Age
Ending age
Imperial Age
RankedLock teamsTeams togetherTeam positionsShared explorationLock speedFull tech treeHidden civsTurbo modeCheats
Victory
Defeat
🇨🇳 Franks · China
1151
+14
🇦🇷 Sicilians · Argentina
1135
+14
🇫🇷 Cumans · France
1121
+15
🇩🇪 Armenians · Germany
1087
+17
🇹🇼 Burgundians · Taiwan
1121
-16
🇨🇳 Celts · China
1115
-16
🇨🇳 Magyars · China
1110
-15
🇮🇳 Huns · India
1059
-13
kwik
1:18 Loom
wade2010221
10:25 Feudal Age
18:14 Castle Age
16:59 Double-Bit Axe
16:56 Horse Collar
18:15 Bow Saw
18:18 Gold Mining
18:33 Heavy Plow
19:25 Cavalier
20:06 Husbandry
20:52 Wheelbarrow
21:26 Two-Man Saw
22:07 Hand Cart
24:45 Crop Rotation
25:57 Gold Shaft Mining
26:10 Stone Mining
27:27 Forging
27:54 Scale Barding Armor
28:54 Iron Casting
29:43 Pikeman
30:23 Squires
30:09 Arson
34:09 Imperial Age
33:17 Scale Mail Armor
35:54 Chain Mail Armor
36:40 Blast Furnace
37:43 Plate Mail Armor
37:33 Chain Barding Armor
HAHAR
12:11 Feudal Age
13:14 Horse Collar
13:21 Double-Bit Axe
13:56 Gold Mining
16:10 Castle Age
17:12 Heavy Plow
17:24 Bow Saw
17:10 Loom
22:35 Stone Mining
25:04 Wheelbarrow
30:45 Imperial Age
29:44 Thumb Ring
29:42 Padded Archer Armor
29:33 Fletching
29:50 Husbandry
30:00 Bloodlines
30:41 Leather Archer Armor
30:32 Scale Barding Armor
31:07 Hand Cart
31:14 Bodkin Arrow
31:41 Ballistics
32:02 Parthian Tactics
30:58 Heavy Cavalry Archer
31:04 Heavy Cavalry Archer
33:02 Ring Archer Armor
33:12 Bracer
33:33 Chain Barding Armor
f14yxyzxy
13:04 Feudal Age
13:31 Horse Collar
13:39 Double-Bit Axe
18:46 Castle Age
16:57 Scale Mail Armor
17:31 Forging
17:20 Gold Mining
17:56 Loom
19:16 Arson
19:02 Pikeman
20:24 Gold Shaft Mining
21:57 Chain Mail Armor
25:10 Bow Saw
24:55 Stone Mining
25:59 Wheelbarrow
25:10 Town Watch
Donald Trump
9:49 Feudal Age
10:23 Horse Collar
10:30 Double-Bit Axe
16:00 Wheelbarrow
15:17 Loom
21:41 Castle Age
20:08 Bloodlines
20:06 Scale Barding Armor
20:12 Forging
26:10 Imperial Age
25:28 Chain Barding Armor
26:48 Cavalier
29:51 Iron Casting
36:20 Gold Mining
Heroc
3:10 Loom
11:16 Feudal Age
11:45 Double-Bit Axe
17:34 Castle Age
16:00 Forging
16:03 Fletching
16:09 Gold Mining
16:48 Stone Mining
20:03 Bow Saw
20:49 Man-at-Arms
23:17 Long Swordsman
28:41 Bodkin Arrow
30:36 Ballistics
31:24 Padded Archer Armor
32:23 Squires
35:24 Horse Collar
36:25 Gold Shaft Mining
Lizard
13:13 Feudal Age
14:10 Loom
17:51 Castle Age
22:38 First Crusade
22:43 Squires
22:46 Scale Mail Armor
23:49 Forging
24:08 Arson
25:29 Gambesons
28:39 Double-Bit Axe
29:39 Town Watch
31:06 Chain Mail Armor
33:36 Stone Mining
37:36 Imperial Age
35:47 Gold Mining
35:40 Horse Collar
38:20 Iron Casting
38:34 Wheelbarrow
文知章
8:51 Loom
12:04 Feudal Age
12:34 Double-Bit Axe
18:40 Castle Age
20:01 Bow Saw
21:27 Gold Mining
21:28 Stone Mining
25:27 Wheelbarrow
31:09 Imperial Age
29:43 Hand Cart
29:25 Gold Mining
31:20 Scale Barding Armor
31:25 Forging
32:32 Conscription
33:20 Chain Barding Armor
33:35 Iron Casting
34:02 Gold Shaft Mining
33:21 Stone Mining
34:17 Town Watch
36:02 Blast Furnace
35:37 Plate Barding Armor
35:44 Caravan
36:06 Scale Mail Armor
35:56 Fletching
36:07 Padded Archer Armor
35:33 Cavalier
36:13 Husbandry
Connection lost

Rejoining the realm…

Still unreachable

The connection could not be restored.

Session expired

The server has moved on; the page needs a fresh start.